 Dungeon Crawl Stone Soup version 0.18.1-8-gdd0e5ea (webtiles) character file.

29 jacquesderrida the Poker (level 3, 26/27 HPs)
             Began as a Demonspawn Skald on May 21, 2016.
             Quit the game on level 2 of the Dungeon.
             The game lasted 00:01:20 (609 turns).

jacquesderrida the Poker (Demonspawn Skald)          Turns: 609, Time: 00:01:21

Health: 26/27      AC:  6    Str: 12    XL:     3   Next: 1%
Magic:  6/6        EV: 11    Int: 14    God:
Gold:   60         SH:  0    Dex: 12    Spells: 1 memorised, 5 levels left

rFire  . . .     SeeInvis .     a - +0 spear
rCold  + . .     Gourm    .     b - +0 leather armour
rNeg   . . .     Faith    .     (no shield)
rPois  +         Spirit   .     o - +2 helmet
rElec  .         Dismiss  .     (no cloak)
rCorr  .         Reflect  .     (no gloves)
SustAt .         Harm     .     (no boots)
MR     .....                    (no amulet)
Stlth  +.........               (no ring)
                                m - ring of poison resistance

@: not resistant to hostile enchantments, very unstealthy
A: hooves 1, cold resistance 1
a: no special abilities


You were on level 2 of the Dungeon.
You were not hungry.

You visited 1 branch of the dungeon, and saw 2 of its levels.

You collected 60 gold pieces.

Inventory:

Hand Weapons
 a - a +0 spear (weapon)
Armour
 b - a +0 leather armour (worn)
 o - a +2 helmet (worn)
Jewellery
 m - a ring of poison resistance (left hand)
 p - a cursed ring of loudness {unknown}
Scrolls
 e - 2 scrolls of blinking {unknown}
 f - a scroll of enchant armour {unknown}
 g - a scroll of immolation {unknown}
 i - a scroll of fear {unknown}
 l - a scroll of random uselessness {unknown}
Potions
 h - a potion of curing {unknown}
 j - a potion of mutation {unknown}
Books
 c - a book of Battle

   Spells                             Type                      Level
   a - Infusion                       Charms                       1
   b - Shroud of Golubria             Charms/Translocation         2
   c - Song of Slaying                Charms                       2
   d - Spectral Weapon                Hexes/Charms                 3
   e - Regeneration                   Charms/Necromancy            3
Comestibles
 d - a bread ration
 k - 2 fruits
 n - a meat ration


   Skills:
 - Level 2.0 Fighting
 + Level 3.1 Polearms
 - Level 0.8 Armour
 - Level 0.8 Dodging
 - Level 2.0 Spellcasting
 + Level 2.8 Charms


You had 5 spell levels left.
You knew the following spells:

 Your Spells              Type           Power        Failure   Level  Hunger
a - Infusion              Chrm           #...         12%         1    ##.....


Dungeon Overview and Level Annotations

Branches:
Dungeon (2/15)

Altars:


Innate Abilities, Weirdness & Mutations

You have large cloven feet.
Your flesh is cold resistant.


Message History

Attack whom?
Press: ? - help, Dir - move target cursor, f - ooze
Aim: an ooze You reach to attack!
You completely miss the ooze. You hit the ooze.
The ooze is lightly wounded.
The ooze barely misses you.
You hit the ooze.
The ooze is heavily wounded.
The ooze barely misses you.
You hit the ooze.
You kill the ooze!
You have reached level 3!
Your experience leads to an increase in your attributes!
Increase (S)trength, (I)ntelligence, or (D)exterity?
You feel clever.
You feel monstrous as your demonic heritage exerts itself.
Your demonic ancestry asserts itself...
Your feet thicken and deform.
Are you sure you want to abandon this character and quit the game? (Confirm with "yes".)

### #..
#.#####.#####..#
#.)......@!....#
######.######.#
#.# #.# ###.#
#...# ###
###.#.#
##.###...#...
#......#####...


There were no monsters in sight!

Vanquished Creatures
  2 oozes (D:2)
  A dart slug (D:1)
  A giant gecko (D:2)
  4 goblins
  3 hobgoblins
  2 kobolds
  2 giant newts
  A rat (D:1)
16 creatures vanquished.

Notes
Turn   | Place    | Note
--------------------------------------------------------------
     0 | D:1      | jacquesderrida the Demonspawn Skald began the quest for the Orb.
     0 | D:1      | Reached XP level 1. HP: 16/16 MP: 3/3
    20 | D:1      | Reached skill level 2 in Polearms
   377 | D:1      | Gained mutation: Your flesh is cold resistant. [demonic ancestry]
   377 | D:1      | Reached XP level 2. HP: 22/22 MP: 5/5
   469 | D:2      | Reached skill level 3 in Polearms
   608 | D:2      | Gained mutation: You have large cloven feet. [demonic ancestry]
   608 | D:2      | Reached XP level 3. HP: 25/27 MP: 6/6
   609 | D:2      | Quit the game

Skill      XL: |  1  2 |
---------------+-------+-----
Polearms       | 2 3 |  3.1
Fighting       | |  2.0
Armour         | |  0.8
Dodging        | |  0.8
Spellcasting   | |  2.0
Charms         | |  2.8

Action                   || total
-------------------------++-------
Melee: Spear             ||    60
Armor: Leather armour    ||     7
Dodge: Dodged            ||    25
